 Dungeon Crawl Stone Soup version 0.14.1 (webtiles) character file.

516 Heini the Covered (level 6, -7/55 HPs)
             Began as a Hill Orc Fighter on Apr 29, 2014.
             Mangled by an ogre
             ... wielding a +0,+0 giant club
              (20 damage)
             ... on Level 4 of the Dungeon.
             The game lasted 00:09:53 (3347 turns).

Heini the Covered (Hill Orc Fighter)                Turns: 3347, Time: 00:09:53

HP  -7/55        AC 14     Str 21      XL: 6   Next: 37%
MP   6/6         EV  3     Int  8      God:
Gold 214         SH 18     Dex 10      Spells:  0 memorised,  5 levels left

rFire  . . .     SeeInvis .     y - +1,+2 war axe (venom)
rCold  . . .     Clarity  .     f - +1 plate armour
rNeg   . . .     Conserve .     c - +0 shield
rPois  .         rCorr    .     i - +0 helmet
rElec  .         rRot     .     (no cloak)
SustAb . .       Spirit   .     (no gloves)
rMut   .         Warding  .     (no boots)
Saprov + . .     Stasis   .     (no amulet)
MR     .....                    (no ring)
                                (no ring)

@: not resistant to hostile enchantments, extremely unstealthy
A: saprovore 1
a: no special abilities


You were on level 4 of the Dungeon.
You were not hungry.

You visited 1 branch of the dungeon, and saw 4 of its levels.

You collected 214 gold pieces.

Inventory:

Hand weapons
 a - a +0,+0 war axe
 y - a +1,+2 war axe of venom (weapon)
Armour
 c - a +0 shield (worn)
 f - a +1 plate armour (worn)
 i - a +0 helmet (worn)
Comestibles
 d - 2 meat rations
 p - 2 bread rations
 q - a pear
 r - a beef jerky
 s - 3 chunks of orc flesh
Scrolls
 b - a scroll of immolation {unknown}
 h - a scroll of identify
 l - a scroll of remove curse
 o - a scroll of magic mapping
 t - 2 scrolls of noise {unknown}
 x - 2 scrolls of teleportation
Jewellery
 j - an uncursed amulet of guardian spirit {unknown}
Potions
 e - 2 potions of curing
 g - 3 potions of restore abilities
 k - 3 potions of brilliance
 m - a potion of resistance {unknown}
 n - 3 potions of heal wounds {unknown}


   Skills:
 * Level 4.9 Fighting
 * Level 5.0 Axes
 * Level 5.9 Armour
 - Level 3.2 Shields


You had 5 spell levels left.
You didn't know any spells.

Dungeon Overview and Level Annotations

Branches:
Dungeon (4/15)
 Temple: D:4-7

Altars:
Zin

Shops:
D:3 *


Innate Abilities, Weirdness & Mutations

You can tolerate rotten meat.


Message History

You slash the giant eyeball!
You kill the giant eyeball!
No target in view!
No target in view!
No target in view!
You now have 214 gold pieces (gained 14).
t - 2 scrolls labeled BUFOMYXEVU (gained 1)
You open the door.
An ogre comes into view. It is wielding a giant club.
The ogre shouts!
Found a knobbly glowing staff.
There is an open door here.
Your plate armour prevents you from hitting the ogre.
The ogre hits you with a giant club!
You hit the ogre.
The ogre is moderately wounded.
The ogre hits you with a giant club!
* * * LOW HITPOINT WARNING * * *
The ogre hits you with a giant club!
You die...

# #...####+####.#
#########...#.......#.#
......)%%...#.......#.#
#######.....#...#...#.#
# #..>..+..###..''# #
#.#####...#...#.......#
# #.# #.......####....
# #.# #.......# ... #
#.# ####@#### . # #.#
#.|O.# # #.# #...## #
#.# #... # #... . .....
...... ..... ....


You could see an ogre.

Vanquished Creatures
  A scorpion (D:4)
  An orc wizard (D:4)
  Jessica (D:3)
  7 adders
  3 gnolls (D:2)
  A giant mite (D:2)
  4 worms
  An adder skeleton (D:4)
  A giant eyeball (D:4)
  2 giant geckos (D:3)
  An ooze (D:3)
  10 orcs
  A ball python (D:1)
  6 bats
  2 giant cockroaches
  8 goblins
  14 hobgoblins
  7 kobolds
  A quokka (D:2)
  4 giant newts
  7 rats
83 creatures vanquished.

Notes
Turn   | Place    | Note
--------------------------------------------------------------
     0 | D:1      | Heini, the Hill Orc Fighter, began the quest for the Orb.
     0 | D:1      | Reached XP level 1. HP: 19/19 MP: 1/1
    70 | D:1      | Reached XP level 2. HP: 12/27 MP: 2/2
   854 | D:2      | Reached skill level 4 in Armour
   893 | D:2      | Reached XP level 3. HP: 15/33 MP: 3/3
  1068 | D:2      | Reached XP level 4. HP: 32/40 MP: 4/4
  1353 | D:2      | Reached skill level 5 in Armour
  2177 | D:3      | Found Zin's Purification Station.
  2224 | D:3      | Found a glowing silver altar of Zin.
  2251 | D:3      | Reached XP level 5. HP: 41/47 MP: 5/5
  2286 | D:3      | Noticed Jessica
  2308 | D:3      | Killed Jessica
  2960 | D:4      | Reached XP level 6. HP: 55/55 MP: 6/6
  3173 | D:4      | Reached skill level 5 in Axes
  3328 | D:4      | Paralysed by a giant eyeball for 2 turns
  3343 | D:4      | Noticed an ogre
  3347 | D:4      | Mangled by an ogre

Action                   |  1- 3 |  4- 6 || total
-------------------------+-------+-------++-------
Melee: War axe           |    72 |   239 ||   311
  Use: Potion            |     1 |       ||     1
       Scroll            |       |     6 ||     6
